 Dungeon Crawl Stone Soup version 0.28-a0-1339-ga5422284a4 (webtiles) character file.

Game seed: 15601906469225181476

11 gimp the Vexing (level 2, -2/23 HPs)
             Began as a Demigod Wanderer on Dec 28, 2021.
             Slain by a quokka (3 damage)
             ... on level 1 of the Dungeon.
             The game lasted 00:01:20 (464 turns).

gimp the Vexing (Demigod Wanderer)                   Turns: 464, Time: 00:01:21

Health: -2/23      AC:  2    Str: 13    XL:     2   Next: 3%
Magic:  3/7        EV: 11    Int: 17    God:
Gold:   0          SH:  0    Dex: 10    Spells: 3/4 levels left

rFire   . . .      SeeInvis .   a - +0 dagger
rCold   . . .      Faith    .   (no shield)
rNeg    . . .      Spirit   .   c - +0 robe
rPois   .          Reflect  .   (no helmet)
rElec   .          Harm     .   (no cloak)
rCorr   .          Rampage  .   (no gloves)
Will    .....                   (no boots)
Stlth   +.........              (no amulet)
HPRegen 0.07/turn               (no ring)
MPRegen 0.10/turn               (no ring)

@: no status effects
A: high mp 1, forlorn, divine attributes
a: no special abilities


You were on level 1 of the Dungeon.
You visited 1 branch of the dungeon, and saw 1 of its levels.

Inventory:

Hand Weapons
 a - a +0 dagger (weapon)
 d - a +0 hand axe
Missiles
 b - 22 poisoned darts (quivered)
Armour
 c - a +0 robe (worn)


   Skills:
 + Level 1.6 Fighting
 - Level 1.7 Throwing
 - Level 1.0 Dodging
 - Level 1.7 Spellcasting
 - Level 2.6 Hexes
 - Level 1.7 Transmutations


You had 3 spell levels left.
You knew the following spells:

 Your Spells              Type           Power      Damage    Failure   Level
a - Slow                  Hex            40%        N/A       7%          1

Your spell library contained the following spells:

 Spells                   Type           Power      Damage    Failure   Level
 Wereblood                Tmut           7%         N/A       14%         2
 Tukima's Dance           Hex            10%        N/A       21%         3
 Passwall                 Tmut/Erth      3%         N/A       22%         2
 Fulminant Prism          Conj/Hex       3%         3d6       75%         4


Dungeon Overview and Level Annotations

Branches:
Dungeon (1/15)


Innate Abilities, Weirdness & Mutations

You have an increased reservoir of magic. (+10% MP)
You shall have no god before yourself.
Your divine heritage dramatically boosts your attributes as you level up.


Message History

Confirm with . or Enter, or press ? or * to list all spells.
Aiming: Slow (safe; 7% risk of failure)
Press: ? - help, Shift-Dir - straight line, f - giant cockroach
Aim: a giant cockroach (chance to affect: 66%)
The giant cockroach struggles to resist.
The giant cockroach barely misses you.
You now have 4/7 mp.
Casting: Slow (safe; 7% risk of failure)
Confirm with . or Enter, or press ? or * to list all spells.
Aiming: Slow (safe; 7% risk of failure)
Press: ? - help, Shift-Dir - straight line, f/p - giant cockroach
Aim: a giant cockroach (chance to affect: 66%)
The giant cockroach seems to slow down.
The giant cockroach closely misses you. The quokka closely misses you.
You now have 3/7 mp.
You hit the giant cockroach.
The giant cockroach is moderately wounded.
The quokka bites you. The giant cockroach barely misses you.
You take 2 damage, and have 9/23 hp.
The quokka bites you.
You take 2 damage, and have 7/23 hp.
The quokka closely misses you. The quokka barely misses you.
You hit the quokka.
The quokka is moderately wounded.
The quokka bites you.
* * * LOW HITPOINT WARNING * * *
You take 5 damage, and have 2/23 hp.
MASSIVE DAMAGE!!
You hit the quokka but do no damage.
The quokka is moderately wounded.
The quokka bites you.
* * * LOW HITPOINT WARNING * * *
You take 1 damage, and have 1/23 hp.
You aren't carrying any potions.
Casting: Slow (safe; 7% risk of failure)
Confirm with . or Enter, or press ? or * to list all spells.
Aiming: Slow (safe; 7% risk of failure)
Press: ? - help, Shift-Dir - straight line, f/p - giant cockroach
Aim: a giant cockroach (moderately wounded, slow, chance to affect: 66%)
The quokka seems to slow down.
The quokka bites you.
You die...

.. ###.#.###
#.##### #
#)......###......
##.##.##.........#
#..#...#.##.##...#
#........#...#.#.#
#..#(..#..........
#..##...#....#...#
#.....###.#.##....
#@##.#.###.......#
#r#....#...##.####
#Bl.....#...#..
#.#...#........
#.##.##.#...#..
#(......##.##
###.##........
......###....
#.#.#.## ####


You could see a quokka (slow), a giant cockroach (slow) and a frilled lizard.

Vanquished Creatures
  A dart slug (D:1)
  4 endoplasms (D:1)
  2 ball pythons (D:1)
  A bat (D:1)
8 creatures vanquished.

Notes
Turn   | Place    | Note
-------+----------+-------------------------------------------
     0 | D:1      | gimp the Demigod Wanderer began the quest for the Orb.
     0 | D:1      | gimp set off with the following items: a +0 dagger, 8
                  | poisoned darts, a +0 robe; and the following spell
                  | memorised: Slow; and the following spells available to
                  | memorise: Wereblood, Passwall, Tukima's Dance, Fulminant
                  | Prism
     0 | D:1      | Reached XP level 1. HP: 14/14 MP: 5/5
   214 | D:1      | Reached skill level 1 in Fighting
   448 | D:1      | Reached XP level 2. HP: 13/23 MP: 4/7
   463 | D:1      | HP: 1/23 [quokka (1)]
   464 | D:1      | Slain by a quokka

Illustrated notes

Levels and vault maps discovered:
D:1:      dpeg_arrival_fog, layout_loops_cross,
          shapermc_ecumenical_altar_mp_highgroup,
          hangedman_decor_clover_reticule

Skill      XL: |  1 |
---------------+----+-----
Fighting       | 1 |  1.6
Throwing       | |  1.7
Dodging        | |  1.0
Spellcasting   | |  1.7
Hexes          | |  2.6
Transmutations | |  1.7

Action                   || total
-------------------------++-------
Melee: Dagger            ||    42
 Cast: Slow              ||     8
Armor: Robe              ||    12
Dodge: Dodged            ||    35

Table legend: (Time is in decaauts)
 A = Elapsed time spent in this place.
 B = Non-inter-level travel time spent in this place.
 C = Inter-level travel time spent in this place.
 D = Time resting spent in this place.
 E = Time spent auto-exploring this place.
 F = Levels seen in this place.
 G = Mean time per level.
                   A        B        C        D        E       F      G
               +--------+--------+--------+--------+--------+-----+--------+
         Total |    464 |    464 |      0 |      0 |    363 |   1 |  464.0 |
       Dungeon |    464 |    464 |      0 |      0 |    363 |   1 |  464.0 |
               +--------+--------+--------+--------+--------+-----+--------+

Top non-repeatable levels by time:
     D:1: 464 daAuts
